 Dungeon Crawl Stone Soup version 0.31.0-9-g3a7656b989 (webtiles) character file.

Game seed: 13063670613499719355

82 qw the Shooter (level 4, 0/25 HPs)
             Began as a Deep Elf Hunter on Feb 3, 2024.
             Slain by Grinder (8 damage)
             ... on level 3 of the Dungeon.
             The game lasted 00:00:08 (1471 turns).

qw the Shooter (Deep Elf Hunter)                    Turns: 1471, Time: 00:00:09

Health: 0/25       AC:  5    Str: 10    XL:     4   Next: 21%
Magic:  6/6        EV: 11    Int: 14    God:
Gold:   124        SH:  0    Dex: 18    Spells: 3/3 levels left

rFire   . . .        a - +0 shortbow (freeze)
rCold   . . .        (shield currently unavailable)
rNeg    + . .        f - +0 ring mail
rPois   .            (no helmet)
rElec   .            (no cloak)
rCorr   .            (no gloves)
SInv    .            (no boots)
Will    .....        c - amulet of the acrobat
Stlth   +            b - ring of positive energy
HPRegen 0.24/turn    (no ring)
MPRegen 0.10/turn

%: acrobat
@: no status effects
A: no striking features
a: no special abilities


You were on level 3 of the Dungeon.
You visited 1 branch of the dungeon, and saw 3 of its levels.

You collected 124 gold pieces.


   Skills:
 - Level 1.5 Fighting
 + Level 7.6 Ranged Weapons
 - Level 2.4 Dodging
 - Level 1.2 Stealth


You had 3 spell levels left.
You didn't know any spells.
Your spell library was empty.

Inventory:

Hand Weapons
 a - a +0 shortbow of freezing (weapon)
Armour
 f - a +0 ring mail (worn)
Jewellery
 b - a ring of positive energy (left hand)
 c - an amulet of the acrobat (around neck)
Scrolls
 d - a scroll of immolation {unknown}

Dungeon Overview and Level Annotations

Branches:
Dungeon (3/15)

Altars:

Annotations:
D:3 Grinder


Message History

You shoot an arrow. The arrow barely misses Grinder.
The jackal bites you but does no damage.
The jackal completely misses you. Grinder gestures at you.
You suddenly lose the ability to move!
The jackal bites you but does no damage. x2
Grinder gestures at you. You resist with significant effort.
The jackal bites you but does no damage. x2
Grinder hits you but does no damage.
The jackal bites you but does no damage.
The jackal bites you.
You can move again.
You shoot an arrow. The arrow hits Grinder!
Grinder is moderately wounded.
The jackal completely misses you.
The jackal bites you but does no damage.
Grinder barely misses you. The jackal bites you. The jackal misses you.
You shoot an arrow. The arrow hits Grinder.
Grinder is moderately wounded.
Grinder hits you but does no damage. The jackal barely misses you. x2
Grinder hits you! The jackal closely misses you. x2
You shoot an arrow. The arrow hits Grinder.
Grinder is heavily wounded.
The jackal barely misses you. x2; Grinder closely misses you.
You shoot an arrow.
The arrow hits Grinder but does no damage.
Grinder is heavily wounded.
The jackal closely misses you.
The jackal bites you but does no damage.
Grinder barely misses you. The jackal closely misses you. The jackal bites you.
You shoot an arrow.
The arrow hits Grinder but does no damage.
Grinder is heavily wounded.
The jackal bites you.
The jackal bites you but does no damage.
Grinder says, "You look like you could use a good racking."
Grinder hits you!
You die...
Grinder sighs, "Dead already?
I want a refund."

#.#.###.#.#
#...#...#.#
#####...#.# #...#.# #
...####...... ##?
.^........### ##...
...####.###
#.....###########...#
.....hh@......%.....#
.#.#..5h.......)..#.#
.....#.#.:..#######.#
.#.#...#.##.# #.#
.......#.##.#######.#
.#.#.#.#.##.#.......#
..:..#.#<...#.#######
#.#...##.###.#
#.###.#


You could see Grinder and 3 jackals.

Vanquished Creatures
  2 adders (D:2)
  A ribbon worm (D:2)
  An orc (D:3)
  8 ball pythons
  6 bats
  5 endoplasms
  A giant cockroach (D:1)
  3 hobgoblins
  3 jackals (D:3)
  4 quokkas
  3 frilled lizards
  9 goblins
  5 kobolds
  3 rats
54 creatures vanquished.

Notes
Turn   | Place    | Note
-------+----------+-------------------------------------------
     0 | D:1      | qw the Deep Elf Hunter began the quest for the Orb.
     0 | D:1      | Reached XP level 1. HP: 12/12 MP: 3/3
     0 | D:1      | 0 ||| qw: Version: 0.3-a-155-g5e7d8dd
     0 | D:1      | 0 ||| qw: Game counter: 3055
     0 | D:1      | 0 ||| qw: Melee chars always use a shield: true
     0 | D:1      | 0 ||| qw: God list: Okawaru
     0 | D:1      | 0 ||| qw: Allow faded altars: false
     0 | D:1      | 0 ||| qw: Do Orc after clearing Dungeon:15 true
     0 | D:1      | 0 ||| qw: Do second Lair branch before Depths: true
     0 | D:1      | 0 ||| qw: Lair rune preference: random
     0 | D:1      | 0 ||| qw: Goals: Normal
     0 | D:1      | 0 ||| PLANNING D:1-11
   107 | D:1      | Reached skill level 6 in Ranged Weapons
   107 | D:1      | Reached XP level 2. HP: 16/16 MP: 4/4
   257 | D:1      | You fall into a shaft and drop 1 floor!
   353 | D:2      | 353 ||| UPGRADING to +0 ring mail.
   363 | D:2      | 363 ||| DROPPING +0 leather armour.
   364 | D:2      | 364 ||| READING scroll labelled DALAXZU NECVE.
   383 | D:2      | Reached XP level 3. HP: 11/20 MP: 5/5
   430 | D:2      | 430 ||| DROPPING scroll of butterflies.
   795 | D:1      | 795 ||| UPGRADING to amulet of the acrobat.
   800 | D:1      | 800 ||| UPGRADING to ring of positive energy.
   875 | D:2      | Reached skill level 7 in Ranged Weapons
  1047 | D:2      | Reached XP level 4. HP: 25/25 MP: 6/6
  1328 | D:2      | 1328 ||| READING scroll labelled LETIBI PARU.
  1328 | D:2      | 1328 ||| BRANDING +0 shortbow.
  1329 | D:2      | 1329 ||| READING 2 scrolls labelled POGRIJU KOAGIH.
  1330 | D:2      | 1330 ||| READING scroll labelled EZYBUWK JIYMA.
  1331 | D:2      | 1331 ||| READING scroll labelled OSUKUUCECK.
  1331 | D:2      | 1331 ||| IDENTIFYING inky potion
  1332 | D:2      | 1332 ||| DROPPING potion of degeneration.
  1333 | D:2      | 1333 ||| DROPPING scroll of revelation.
  1457 | D:3      | Noticed Grinder
  1464 | D:3      | Paralysed by Grinder for 3 turns
  1471 | D:3      | Slain by Grinder

Levels and vault maps discovered:
D:1:      heliophobic_arrival_henge, layout_loops_ring
D:2:      minmay_inner_zag, layout_rooms
D:3:      layout_basic, mainiacjoe_overflow_catch_the_wave, serial_glass,
          glass_columns_c, glass_columns_c, uniq_grinder, uniq_sigmund

Skill      XL: |  1  2  3 |
---------------+----------+-----
Ranged Weapons | 6 7 |  7.6
Fighting       | |  1.5
Dodging        | |  2.4
Stealth        | |  1.2

Action                     |  1- 3 |  4- 6 || total
---------------------------+-------+-------++-------
   Fire: Shortbow          |    97 |    35 ||   132
    Use: Scroll            |     1 |     4 ||     5
 Armour: Leather armour    |     7 |       ||     7
         Ring mail         |     9 |    32 ||    41
  Dodge: Dodged            |    11 |    23 ||    34

Table legend:
 A = Non-vault XP
 B = Vault XP
 C = Vault XP percentage of total XP
 D = Non-vault monster count
 E = Vault monster count
 F = Vault count percentage of total count
                 A         B        C        D         E       F
            +---------+---------+-------+---------+---------+-------
      Total |     112 |       6 |   5.1 |      52 |       2 |   3.7
            +---------+---------+-------+---------+---------+-------
        D:1 |      33 |       0 |   0.0 |      20 |       0 |   0.0
        D:2 |      68 |       6 |   8.1 |      26 |       2 |   7.1
        D:3 |      11 |       0 |   0.0 |       6 |       0 |   0.0
            +---------+---------+-------+---------+---------+-------
